[ AOE2 MATCH · #481708286 ]
1v1 RMBurgundians vs Japanese
Rival team · WIN
[ REPLAY ANALYSIS · EXTRACTED FROM THE RECORDED GAME ]
Feudal
10:45
Castle
19:21
Imperial
—
| APM avg | 18.6 |
| APM peak | 43 |
| eAPM avg | 11.1 |
| Villagers / military | 39 / 6 |
Focus
⚔️ 9.3% · 🌾 90.7%
Flemish Militia ×4 · Knight ×2
Feudal
—
Castle
—
Imperial
—
| APM avg | 19.9 |
| APM peak | 56 |
| eAPM avg | 10.1 |
| Villagers / military | 31 / 30 |
Focus
⚔️ 30.9% · 🌾 69.1%
Militia ×18 · Archer ×12
Match map
Initial resources + every placement click. Lines = walls · curves = elevation contours. ◆ gold · ⬟ stone · ● berries · ✦ relic · ◌ wall gap
Your base· Open — 5t gap
The Sar AOE's base· Open — unwalled flank
Smoothed initial terrain · ◌ = detected wall gap · hover for details
Inputs per minute
— Moge - - The Sar AOE
Build order — Moge
87 actions detected in the replay
| 0:02 | Build | House |
| 0:05 | Build | House |
| 0:06 | Create | Villager (Male) |
| 0:07 | Create | Villager (Male) |
| 0:07 | Create | Villager (Male) |
| 0:07 | Create | Villager (Male) |
| 0:07 | Create | Villager (Male) |
| 1:56 | Create | Villager (Male) |
| 1:56 | Create | Villager (Male) |
| 2:38 | Create | Villager (Male) |
| 2:38 | Create | Villager (Male) |
| 3:01 | Create | Villager (Male) |
| 3:01 | Create | Villager (Male) |
| 3:35 | Research | Loom |
| 3:38 | Create | Villager (Male) |
| 3:46 | Build | House |
| 3:49 | Build | House |
| 3:53 | Create | Villager (Male) |
| 3:53 | Create | Villager (Male) |
| 4:48 | Create | Villager (Male) |
| 4:48 | Create | Villager (Male) |
| 4:48 | Create | Villager (Male) |
| 4:57 | Create | Villager (Male) |
| 5:44 | Build | Lumber Camp |
| 5:50 | Create | Villager (Male) |
| 6:51 | Create | Villager (Male) |
| 7:12 | Create | Villager (Male) |
| 7:35 | Create | Villager (Male) |
| 7:53 | Build | Mill |
| 8:07 | Create | Villager (Male) |
| 8:15 | Research | Feudal Age |
| 9:21 | Build | House |
| 9:49 | Create | Villager (Male) |
| 9:58 | Research | Double-Bit Axe |
| 10:37 | Create | Villager (Male) |
| 10:45 | Age | Feudal Age |
| 11:11 | Create | Villager (Male) |
| 11:13 | Build | Mining Camp |
| 11:34 | Create | Villager (Male) |
| 11:48 | Build | Farm |
| 11:49 | Build | Farm |
| 11:49 | Build | Farm |
| 11:53 | Build | Farm |
| 12:35 | Build | Barracks |
| 13:00 | Create | Villager (Male) |
| 13:02 | Create | Villager (Male) |
| 13:16 | Create | Flemish Militia |
| 13:17 | Create | Flemish Militia |
| 13:23 | Build | House |
| 13:42 | Build | Market |
| 13:50 | Create | Villager (Male) |
| 13:53 | Create | Flemish Militia |
| 13:59 | Create | Flemish Militia |
| 14:32 | Build | Farm |
| 14:32 | Build | Farm |
| 14:38 | Build | Farm |
| 14:50 | Build | House |
| 15:05 | Create | Villager (Male) |
| 15:25 | Create | Villager (Male) |
| 15:47 | Build | House |
| 16:08 | Build | Blacksmith |
| 16:16 | Create | Villager (Male) |
| 16:37 | Research | Castle Age |
| 17:38 | Build | Watch Tower |
| 18:43 | Build | Lumber Camp |
| 18:49 | Build | Mining Camp |
| 19:09 | Create | Villager (Male) |
| 19:21 | Age | Castle Age |
| 19:29 | Research | Fletching |
| 20:31 | Research | Horse Collar |
| 20:38 | Build | Farm |
| 20:50 | Build | Farm |
| 21:16 | Create | Villager (Male) |
| 21:17 | Create | Villager (Male) |
| 21:17 | Create | Villager (Male) |
| 22:52 | Research | Wheelbarrow |
| 23:03 | Research | Bodkin Arrow |
| 23:17 | Build | Stable |
| 23:20 | Build | Stable |
| 24:07 | Create | Knight |
| 24:07 | Create | Knight |
| 24:28 | Research | Cavalier (upgrade) |
| 25:14 | Build | Castle |
| 25:32 | Create | Villager (Male) |
| 25:33 | Create | Villager (Male) |
| 25:54 | Build | House |
| 25:55 | Build | House |
Build order — The Sar AOE
107 actions detected in the replay
| 0:01 | Create | Villager (Male) |
| 0:01 | Create | Villager (Male) |
| 0:01 | Create | Villager (Male) |
| 0:03 | Build | House |
| 0:05 | Build | House |
| 0:14 | Create | Villager (Male) |
| 1:25 | Create | Villager (Male) |
| 3:35 | Create | Villager (Male) |
| 3:35 | Create | Villager (Male) |
| 3:35 | Create | Villager (Male) |
| 4:53 | Create | Villager (Male) |
| 4:53 | Create | Villager (Male) |
| 4:54 | Create | Villager (Male) |
| 4:54 | Create | Villager (Male) |
| 4:54 | Create | Villager (Male) |
| 5:29 | Build | House |
| 5:32 | Build | House |
| 5:34 | Build | House |
| 6:51 | Build | Mill |
| 7:00 | Create | Villager (Male) |
| 7:00 | Create | Villager (Male) |
| 8:26 | Build | Barracks |
| 8:48 | Create | Villager (Male) |
| 8:51 | Create | Villager (Male) |
| 8:52 | Create | Villager (Male) |
| 9:34 | Build | Mill |
| 9:38 | Create | Villager (Male) |
| 9:39 | Create | Villager (Male) |
| 9:43 | Create | Militia |
| 9:50 | Research | Feudal Age |
| 10:12 | Create | Militia |
| 10:12 | Create | Militia |
| 11:04 | Create | Militia |
| 11:04 | Create | Militia |
| 11:09 | Create | Villager (Male) |
| 11:09 | Create | Villager (Male) |
| 11:16 | Build | Mining Camp |
| 12:51 | Create | Militia |
| 12:51 | Create | Militia |
| 13:06 | Build | Lumber Camp |
| 13:09 | Create | Villager (Male) |
| 13:09 | Create | Villager (Male) |
| 13:20 | Create | Militia |
| 13:21 | Research | Man-at-Arms (upgrade) |
| 13:50 | Research | Arson |
| 14:00 | Build | House |
| 14:02 | Build | House |
| 14:03 | Build | House |
| 14:49 | Create | Militia |
| 14:50 | Create | Militia |
| 14:52 | Create | Militia |
| 15:15 | Create | Militia |
| 15:25 | Build | Archery Range |
| 15:30 | Create | Villager (Male) |
| 16:01 | Create | Militia |
| 16:12 | Build | Farm |
| 16:12 | Build | Farm |
| 16:13 | Build | Farm |
| 16:13 | Build | Farm |
| 16:13 | Build | Farm |
| 16:13 | Build | Farm |
| 16:46 | Build | Farm |
| 16:46 | Build | Farm |
| 16:47 | Build | Farm |
| 16:47 | Build | Farm |
| 16:51 | Create | Archer |
| 17:04 | Build | Watch Tower |
| 17:46 | Create | Archer |
| 17:46 | Create | Archer |
| 18:34 | Build | Mining Camp |
| 18:54 | Build | Farm |
| 18:54 | Build | Farm |
| 18:54 | Build | Farm |
| 18:55 | Build | Farm |
| 18:55 | Build | Farm |
| 18:55 | Build | Farm |
| 19:15 | Create | Archer |
| 19:46 | Create | Villager (Male) |
| 19:47 | Create | Villager (Male) |
| 19:59 | Build | Blacksmith |
| 20:50 | Create | Archer |
| 21:01 | Research | Fletching |
| 21:01 | Research | Padded Archer Armor |
| 21:23 | Build | Watch Tower |
| 21:37 | Create | Archer |
| 21:40 | Create | Archer |
| 22:04 | Create | Militia |
| 22:05 | Create | Militia |
| 22:07 | Create | Militia |
| 22:09 | Create | Villager (Male) |
| 22:09 | Create | Villager (Male) |
| 22:10 | Research | Wheelbarrow |
| 22:14 | Create | Villager (Male) |
| 23:00 | Build | House |
| 23:01 | Build | House |
| 23:02 | Build | House |
| 23:12 | Create | Archer |
| 23:13 | Create | Archer |
| 23:13 | Create | Archer |
| 23:33 | Research | Forging |
| 23:33 | Research | Scale Mail Armor |
| 23:43 | Create | Archer |
| 23:44 | Create | Archer |
| 24:44 | Build | Lumber Camp |
| 24:50 | Create | Villager (Male) |
| 25:45 | Create | Militia |
| 25:46 | Create | Militia |
Match timeline
| 8:26 | The Sar AOE · first_building Barracks |
| 10:45 | Moge · age_up feudal |
| 12:35 | Moge · first_building Barracks |
| 15:25 | The Sar AOE · first_building Archery Range |
| 19:21 | Moge · age_up castle |
| 23:17 | Moge · first_building Stable |
| 25:14 | Moge · first_building Castle |
| 26:19 | Moge · resign |
[ AI ANALYSIS · 1 CREDIT ]
What really happened in this match?
Wolo.gg analyzes every decision: build order, eco, micro, common mistakes by bracket. Personalized analysis on WhatsApp or Discord in 30 seconds.
Civ guide
Burgundians
Map guide
Border Dispute
Perfil
Jugador #10531816